 Dungeon Crawl Stone Soup version 0.29.1-15-g9cfb28693d (webtiles) character file.

Game seed: 896658068207264920

7 Danienth the Grave Robber (level 1, 0/13 HPs)
             Began as a Demonspawn Necromancer on Apr 4, 2023.
             Slain by an endoplasm (2 damage)
             ... on level 1 of the Dungeon.
             The game lasted 00:12:25 (235 turns).

Danienth the Grave Robber (Demonspawn Necromancer)   Turns: 235, Time: 00:12:26

Health: 0/13       AC:  3    Str:  8    XL:     1   Next: 91%
Magic:  1/3        EV: 12    Int: 16    God:
Gold:   0          SH:  0    Dex: 13    Spells: 2/4 levels left

rFire   . . .      SeeInvis .   d - +0 club
rCold   . . .      Faith    .   (no shield)
rNeg    . . .      Spirit   .   a - +0 robe
rPois   .          Reflect  .   b - +0 helmet
rElec   .          Harm     .   (no cloak)
rCorr   .          Rampage  .   (no gloves)
Will    .....                   (no boots)
Stlth   ++........              (no amulet)
HPRegen 0.04/turn               (no ring)
MPRegen 0.08/turn               (no ring)

@: no status effects
A: no striking features
a: no special abilities


You were on level 1 of the Dungeon.
You visited 1 branch of the dungeon, and saw 1 of its levels.

Inventory:

Hand Weapons
 d - a +0 club (weapon)
Missiles
 c - 2 stones
Armour
 a - a +0 robe (worn)
 b - a +0 helmet (worn)


   Skills:
 + Level 1.7 Dodging
 + Level 1.8 Stealth
 + Level 2.1 Spellcasting
 + Level 4.7 Necromancy


You had 2 spell levels left.
You knew the following spells:

 Your Spells              Type           Power      Damage    Failure   Level
a - Necrotise             Necr           64%        1d7       3%          1
b - Summon Small Mammal   Summ           4%         N/A       21%         1

Your spell library contained the following spells:

 Spells                   Type           Power      Damage    Failure   Level
 Vampiric Draining        Necr           16%        2d7       9%          3
 Animate Dead             Necr           16%        N/A       28%         4
 Call Canine Familiar     Summ           1%         N/A       52%         3
 Summon Guardian Golem    Hex/Summ       1%         N/A       52%         3
 Agony                    Necr           16%        N/A       63%         5


Dungeon Overview and Level Annotations

Branches:
Dungeon (1/15)

Altars:


Message History

Aiming: Necrotise (safe; 3% risk of failure)
Press: ? - help, Shift-Dir - straight line, f/p - bat
Aim: a bat (moderately wounded, chance to affect: 86%)
The goblin barely resists.
The goblin closely misses you.
Your rat closely misses the goblin.
Sorry, you're not good enough to have a special ability.
Casting: Necrotise (safe; 3% risk of failure)
Confirm with . or Enter, or press ? or * to list all spells.
You don't have enough magic to cast this spell.
You hit the goblin.
The goblin is heavily wounded.
The goblin barely misses you.
Your rat bites the goblin.
The goblin closely misses you.
Hit: d) +0 club
Press: ? - help, Dir - move target, f - goblin, p - bat
Aim: a goblin, wielding a +0 dagger (severely wounded, ally target, about 50% to evade your +0 club)
You miss the goblin.
The goblin is severely wounded.
Your rat barely misses the goblin.
The goblin barely misses you.
You hit the goblin but do no damage.
The goblin is severely wounded.
Your rat closely misses the goblin.
The goblin hits you but does no damage.
Hit: d) +0 club
Press: ? - help, Dir - move target, f/p - goblin
Aim: a goblin, wielding a +0 dagger (severely wounded, ally target, about 50% to evade your +0 club)
You hit the goblin.
You kill the goblin!
The bat hits you.
Your rat barely misses the bat.
The bat hits your rat.
Your rat barely misses the bat.
The endoplasm freezes you.
You are frozen.
Hit: d) +0 club
Press: ? - help, Dir - move target, f - bat
Aim: a bat (ally target, about 58% to evade your +0 club)
You miss the bat. The bat closely misses you.
Your rat bites the bat.
The endoplasm hits you.
* * * LOW HITPOINT WARNING * * *
The bat barely misses your rat. The endoplasm attacks as you move away!
The endoplasm hits you.
You die...

#.#####........
#.# ##.......
#.# #####..#
#####.#### #..#
#........###
#..#
#.#.........#
#...
##.#.#.##.##.#
...#
#..........#
....
#..@.rb....#
....
#.##J#...#.# #.
#......... #
#.#...#.##
#.......# ...
.#### #.####
#.# #.#


You could see an endoplasm, a bat (ally target) and a friendly rat (summoned).

Vanquished Creatures
  An endoplasm (D:1)
  2 goblins (D:1)
  2 quokkas (D:1)
  A bat (D:1)
6 creatures vanquished.

Notes
Turn   | Place    | Note
-------+----------+-------------------------------------------
     0 | D:1      | Danienth the Demonspawn Necromancer began the quest for the
                  | Orb.
     0 | D:1      | Reached XP level 1. HP: 13/13 MP: 3/3
   224 | D:1      | Learned a level 1 spell: Summon Small Mammal
   235 | D:1      | Slain by an endoplasm

Illustrated notes

Levels and vault maps discovered:
D:1:      nzn_arrival_depleted_hourglass, layout_loops_corners, serial_shops,
          nicolae_shop_behind_doors

Action                   || total
-------------------------++-------
Melee: Club              ||    11
 Cast: Necrotise         ||    10
       Summon Small Mamm ||     1
  Use: Potion            ||     1
Armor: Robe              ||     4
Dodge: Dodged            ||    16
